 Dungeon Crawl Stone Soup version 0.32-a0-913-g739538afd8 (webtiles) character file.

Game seed: 11524893652640079622

34876 Adrian566 the Carver (level 13, -1/103 HPs)
             Began as a Demonspawn Gladiator on Apr 8, 2024.
             Was a Follower of Jiyva.
             Slain by an eight-headed hydra (3 damage)
             ... while petrified by a basilisk
             ... on level 5 of the Lair of Beasts.
             The game lasted 00:16:32 (13539 turns).

Adrian566 the Carver (Demonspawn Gladiator)        Turns: 13539, Time: 00:16:33

Health: -1/103     AC: 20    Str: 14    XL:     13   Next: 44%
Magic:  13/13      EV:  0    Int:  7    God:    Jiyva [*.....]
Gold:   855        SH:  0    Dex: 24    Spells: 12/12 levels left

rFire   . . .        u - +7 Throatcutter {drain, coup de grace}
rCold   . . .        I - +18 shield of the Gong {Loud rN+ Will+ rCorr EV-5}
rNeg    + + +        v - +1 plate armour
rPois   ∞            c - +0 helmet
rElec   .            g - +1 cloak
rCorr   +            (gloves unavailable)
SInv    .            (no boots)
Will    +....        t - amulet of regeneration Stlth
                     f - +4 ring of slaying
HPRegen 1.97/turn    (no ring)
MPRegen 0.53/turn

%: no passive effects
@: mighty, petrified
A: rugged brown scales 1, icemail 2, powered by pain 2, condensation shield,
demonic touch 3, agile 1, no potion heal 1
a: Renounce Religion


You were on level 5 of the Lair of Beasts.
You worshipped Jiyva.
Jiyva was aware of your devotion.
You visited 3 branches of the dungeon, and saw 20 of its levels.

You collected 855 gold pieces.

Inventory:

Hand Weapons
 a - a +2 long sword
 u - the +7 Throatcutter (weapon) {drain, coup de grace}
   (You found it on level 4 of the Dungeon)
 B - the +10 rapier "Edghoef" {flame, Str+2 Dex+3}
   (You found it on level 2 of the Lair of Beasts)

   Str+2:     It affects your strength (+2).
   Dex+3:     It affects your dexterity (+3).
Missiles
 d - 6 throwing nets (quivered)
 e - a javelin
Armour
 c - a +0 helmet (worn)
 g - a +1 cloak (worn)
 v - a +1 plate armour (worn)
 I - the +18 shield of the Gong (worn) {Loud rN+ Will+ rCorr EV-5}
   (You found it on level 9 of the Dungeon)

   Loud:      It is deafeningly noisy when blocking attacks.
   EV-5:      It affects your evasion (-5).
   rN+:       It protects you from negative energy.
   Will+:     It increases your willpower.
   rCorr:     It protects you from acid and corrosion.
Jewellery
 f - a +4 ring of slaying (left hand)
 s - an amulet of magic regeneration
 t - an amulet of regeneration (around neck)
 w - a ring of willpower
Wands
 h - a wand of warping (29)
 i - a wand of flame (26)
 j - a wand of polymorph (6)
 y - a wand of paralysis (8)
 H - a wand of quicksilver (5)
Scrolls
 k - 2 scrolls of noise
 r - 3 scrolls of identify
 A - a scroll of teleportation
 C - 3 scrolls of enchant weapon
 G - 2 scrolls of poison
Potions
 b - a potion of ambrosia
 l - a potion of berserk rage
 m - 2 potions of mutation
 n - 2 potions of attraction
 o - a potion of might
 p - 3 potions of curing
 q - 4 potions of degeneration
 x - a potion of heal wounds


   Skills:
 + Level 8.9 Fighting
 + Level 13.4 Long Blades
 + Level 2.0 Throwing
 + Level 9.2 Armour
 + Level 5.2 Dodging
 + Level 3.3 Stealth
 + Level 10.6 Shields


You had 12 spell levels left.
You didn't know any spells.
Your spell library contained the following spells:

 Spells                   Type           Power      Damage    Failure   Level
 Apportation              Tloc           0%         N/A       100%        1
 Sting                    Conj/Alch      0%         1d3       100%        1
 Ensorcelled Hibernation  Hex/Ice        0%         N/A       100%        2
 Jinxbite                 Hex            0%         N/A       100%        2
 Mercury Vapours          Alch/Air       0%         N/A       100%        2
 Brom's Barrelling Bould  Conj/Erth      0%         2d3       100%        4
 Olgreb's Toxic Radiance  Alch           0%         N/A       100%        4
 Alistair's Intoxication  Alch           0%         N/A       100%        5
 Borgnjor's Vile Clutch   Necr/Erth      0%         N/A       100%        5


Dungeon Overview and Level Annotations

Branches:
Dungeon (10/15)            Temple (0/1) D:5            Lair (5/5) D:10
 Shoals (0/4) Lair:2       Spider (0/4) Lair:3        Slime (5/5) Lair:4
    Orc: D:9-12

Altars:
Ashenzari
Cheibriados
Fedhas
Okawaru
Ru
Sif Muna
Jiyva

Shops:
D:1 (   D:2 [   D:7 !

Annotations:
Slime:5 Royal Jelly


Innate Abilities, Weirdness & Mutations

You are partially covered in rugged brown scales. (AC +1, +3% HP)
A meltable icy envelope protects you from harm. (AC +0)
You sometimes gain power by taking damage.
A meltable shield of frost defends you. (SH +0)
Your touch may irresistibly damage your foes and sap their willpower.
You are agile. (Dex +4, Str/Int -1)
Potions are less effective at restoring your health.


Message History

The eight-headed hydra bites you.
The eight-headed hydra bites you but does no damage.
The eight-headed hydra bites you!
The molten gargoyle hits you with a +0 flail.
You are engulfed in flames!
The eight-headed hydra bites you. The eight-headed hydra bites you!
The eight-headed hydra bites you. The eight-headed hydra bites you!
* * * LOW HITPOINT WARNING * * *
The eight-headed hydra bites you but does no damage. x4
The molten gargoyle blasts magma at you!
The bolt of magma hits you but does no damage.
The eight-headed hydra completely misses you.
The eight-headed hydra bites you!
* * * LOW HITPOINT WARNING * * *
The eight-headed hydra bites you.
* * * LOW HITPOINT WARNING * * *
The eight-headed hydra bites you.
* * * LOW HITPOINT WARNING * * *
The eight-headed hydra bites you. x2
* * * LOW HITPOINT WARNING * * *
The eight-headed hydra bites you but does no damage.
The eight-headed hydra bites you.
* * * LOW HITPOINT WARNING * * *
The molten gargoyle hits you but does no damage.
The eight-headed hydra bites you but does no damage. x2
The eight-headed hydra bites you!
* * * LOW HITPOINT WARNING * * *
The eight-headed hydra bites you but does no damage. x2
The eight-headed hydra bites you.
* * * LOW HITPOINT WARNING * * *
The eight-headed hydra bites you.
* * * LOW HITPOINT WARNING * * *
The eight-headed hydra bites you but does no damage.
The molten gargoyle blasts magma at you!
The bolt of magma hits you!!
* * * LOW HITPOINT WARNING * * *
The eight-headed hydra bites you but does no damage. x3
The eight-headed hydra bites you.
You die...
Jiyva sends a jelly to digest your equipment.

.......... .........#
.......# . #9...# .. #.l#
... #.9# .... #####
######.## ..... ....##
####..##.#9#......
.....###......##@D.......
.........................
.........................
.........................
.........................
.........................
........................#
........................#
........................


You could see an eight-headed hydra and a molten gargoyle.

Vanquished Creatures
  4 hydras
  A boulder beetle (Lair:4)
  A catoblepas (Lair:1)
  5 death yaks (Lair:3)
  2 two-headed ogres (D:9)
  2 skysharks
  A lindwurm (Lair:5)
  A deep elf pyromancer (D:10)
  11 elephants
  2 black mambas
  6 cane toads
  An unseen horror (D:10)
  2 vault sentinels (D:9)
  5 rime drakes
  5 komodo dragons
  A troll (D:8)
  6 polar bears
  A hornet (D:9)
  5 blink frogs (Lair:3)
  A culicivora (Lair:3)
  A shadow (D:10)
  3 basilisks
  4 water elementals (D:10)
  35 yaks
  3 wyverns
  A steam dragon (D:8)
  12 water moccasins
  3 ice beasts
  2 sky beasts
  An orc warrior (D:6)
  An ogre (D:6)
  A centaur (D:9)
  13 wolves
  2 phantoms
  2 kobold brigands
  9 bullfrogs
  4 scorpions
  9 wights (D:9)
  9 killer bees
  A vampire bat (D:4)
  5 howler monkeys
  3 jellies
  3 orc priests (D:6)
  3 hounds (D:5)
  A sleepcap (D:7)
  Crazy Yiuf (D:2)
  5 gnoll boudas
  5 iguanas
  5 orc wizards
  26 gnolls
  9 adders
  2 shadow imps (D:8)
  A white imp (D:6)
  2 dart slugs (D:1)
  3 fire bats (D:4)
  2 ribbon worms
  21 orcs
  2 spectral bats (D:4)
  13 bats
  3 bat skeletons (D:4)
  A bat zombie (D:4)
  5 endoplasms
  4 giant cockroaches
  4 goblins
  5 hobgoblins
  3 jackals (D:5)
  21 kobolds
  8 quokkas
  5 ball pythons
  A bat simulacrum (D:4)
  4 frilled lizards
  6 rats
361 creatures vanquished.

Vanquished Creatures (others)
  A wyvern (Lair:4)
  A water moccasin (Lair:5)
  6 jellies
8 creatures vanquished.

Grand Total: 369 creatures vanquished

Notes
Turn   | Place    | Note
-------+----------+-------------------------------------------
     0 | D:1      | Adrian566 the Demonspawn Gladiator began the quest for the
                  | Orb.
     0 | D:1      | Reached XP level 1. HP: 16/16 MP: 1/1
    44 | D:1      | Reached skill level 3 in Long Blades
    44 | D:1      | Gained mutation: Your touch may inflict minor irresistible
                  | damage on your foes. [demonic ancestry]
    44 | D:1      | Reached XP level 2. HP: 17/22 MP: 2/2
   409 | D:1      | Reached XP level 3. HP: 27/27 MP: 3/3
   597 | D:1      | Found Lixa's Antique Weapon Shop.
  1143 | D:2      | Found Rahut's Armour Shop.
  1210 | D:2      | Gained mutation: You are partially covered in rugged brown
                  | scales. (AC +1, +3% HP) [demonic ancestry]
  1210 | D:2      | Reached XP level 4. HP: 25/33 MP: 4/4
  1557 | D:2      | Found a faded altar of an unknown god.
  1640 | D:2      | Found a runed translucent door.
  1641 | D:2      | Noticed Crazy Yiuf
  1650 | D:2      | Killed Crazy Yiuf
  1796 | D:3      | Reached skill level 1 in Armour
  1958 | D:3      | Found a shimmering blue altar of Sif Muna.
  2068 | D:3      | Reached skill level 4 in Long Blades
  2295 | D:3      | Found a snail-covered altar of Cheibriados.
  2301 | D:3      | Gained mutation: Your touch may inflict irresistible damage
                  | on your foes. [demonic ancestry]
  2301 | D:3      | Reached XP level 5. HP: 40/40 MP: 5/5
  2758 | D:4      | Gained mutation: A meltable shield of frost defends you.
                  | (SH +0) [demonic ancestry]
  2758 | D:4      | Reached XP level 6. HP: 39/47 MP: 6/6
  2792 | D:4      | Found the +7 Throatcutter {drain, coup de grace}
  3013 | D:4      | Reached skill level 1 in Stealth
  3510 | D:5      | Entered Level 5 of the Dungeon
  3520 | D:5      | Reached skill level 5 in Long Blades
  3585 | D:5      | Gained mutation: You sometimes gain a little power by
                  | taking damage. [demonic ancestry]
  3585 | D:5      | Reached XP level 7. HP: 53/53 MP: 7/7
  3778 | D:5      | Reached skill level 6 in Long Blades
  3980 | D:5      | Found a broken altar of Ashenzari.
  4122 | D:5      | Found a staircase to the Ecumenical Temple.
  4298 | D:5      | Gained mutation: Potions are less effective at restoring
                  | your health. [potion of mutation]
  4298 | D:5      | Gained mutation: You are agile. (Dex +4, Str/Int -1)
                  | [potion of mutation]
  4325 | D:6      | Found a blossoming altar of Fedhas.
  4335 | D:6      | Gained mutation: A meltable icy envelope protects you from
                  | harm. (AC +0) [demonic ancestry]
  4335 | D:6      | Reached XP level 8. HP: 40/59 MP: 8/8
  4711 | D:6      | Found an iron altar of Okawaru.
  4722 | D:6      | Reached skill level 7 in Long Blades
  4884 | D:6      | Reached skill level 1 in Shields
  5218 | D:7      | Found Kiucacud's Distillery.
  5422 | D:8      | Reached XP level 9. HP: 52/67 MP: 9/9
  5432 | D:7      | Reached skill level 8 in Long Blades
  5618 | D:8      | Found a sacrificial altar of Ru.
  5832 | D:8      | Noticed a troll
  5836 | D:8      | Killed a troll
  6066 | D:9      | Noticed a two-headed ogre
  6072 | D:9      | Killed a two-headed ogre
  6073 | D:9      | Reached skill level 5 in Fighting
  6073 | D:9      | Reached skill level 9 in Long Blades
  6073 | D:9      | Reached skill level 5 in Armour
  6333 | D:9      | Reached XP level 10. HP: 68/76 MP: 10/10
  6433 | D:9      | Noticed a two-headed ogre
  6440 | D:9      | Killed a two-headed ogre
  6557 | D:9      | Reached skill level 10 in Long Blades
  6832 | D:9      | Noticed a vault sentinel
  6832 | D:9      | Noticed a vault sentinel
  6836 | D:9      | Found the +18 shield of the Gong {Loud rN+ Will+ rCorr
                  | EV-5}
  6838 | D:9      | Killed a vault sentinel
  6843 | D:9      | Killed a vault sentinel
  7141 | D:10     | Entered Level 10 of the Dungeon
  7183 | D:10     | Noticed a deep elf pyromancer
  7192 | D:10     | Killed a deep elf pyromancer
  7193 | D:10     | Reached skill level 5 in Dodging
  7209 | D:10     | Reached skill level 11 in Long Blades
  7252 | D:10     | Found a staircase to the Lair.
  7596 | D:10     | Gained mutation: A meltable icy envelope protects you from
                  | harm. (AC +0) [demonic ancestry]
  7596 | D:10     | Reached XP level 11. HP: 76/85 MP: 11/11
  7918 | Lair:1   | Entered Level 1 of the Lair of Beasts
  8299 | Lair:1   | Reached skill level 5 in Shields
  8325 | Lair:1   | Noticed a catoblepas
  8404 | Lair:1   | Killed a catoblepas
  8800 | Lair:2   | Noticed a five-headed hydra
  8808 | Lair:2   | Killed a one-headed hydra
  8874 | Lair:2   | Reached skill level 12 in Long Blades
  8885 | Lair:2   | Gained mutation: Your touch may irresistibly damage your
                  | foes and sap their willpower. [demonic ancestry]
  8885 | Lair:2   | Reached XP level 12. HP: 93/94 MP: 12/12
  9029 | Lair:2   | Identified the +10 rapier "Edghoef" {flame, Str+2 Dex+3}
  9075 | Lair:2   | Found a staircase to the Shoals.
  9966 | Lair:3   | Found a hole to the Spider Nest.
 10304 | Lair:3   | Noticed a death yak
 10304 | Lair:3   | Noticed a death yak
 10305 | Lair:3   | Noticed a death yak
 10305 | Lair:3   | Noticed a death yak
 10306 | Lair:3   | Noticed a death yak
 10341 | Lair:3   | Killed a death yak
 10348 | Lair:3   | Killed a death yak
 10353 | Lair:3   | Killed a death yak
 10354 | Lair:3   | Killed a death yak
 10364 | Lair:3   | Killed a death yak
 10390 | Lair:3   | Reached skill level 13 in Long Blades
 10842 | Lair:4   | Gained mutation: You sometimes gain power by taking damage.
                  | [demonic ancestry]
 10842 | Lair:4   | Reached XP level 13. HP: 101/101 MP: 13/13
 11016 | Lair:4   | Got Ekeelit's Lessons on the Arctic Syncline
 11072 | Lair:4   | Found a viscous altar of Jiyva.
 11073 | Lair:4   | Found a staircase to the Slime Pits.
 11115 | Lair:4   | Became a worshipper of Jiyva Jotil the Shapeless
 11118 | Slime:1  | Entered Level 1 of the Pits of Slime
 11124 | Slime:1  | Noticed an acid blob
 11204 | Slime:1  | Noticed a quicksilver ooze
 11288 | Slime:1  | Noticed an azure jelly
 11411 | Slime:1  | Noticed an azure jelly
 11472 | Slime:2  | Noticed an azure jelly
 11472 | Slime:2  | Noticed a formless jellyfish
 11472 | Slime:2  | Noticed a formless jellyfish
 11472 | Slime:2  | Noticed a formless jellyfish
 11472 | Slime:2  | Noticed a quicksilver ooze
 11487 | Slime:3  | Noticed an acid blob
 11500 | Slime:3  | Noticed a formless jellyfish
 11507 | Slime:3  | Noticed an acid blob
 11510 | Slime:3  | Noticed a formless jellyfish
 11516 | Slime:3  | Noticed a formless jellyfish
 11520 | Slime:3  | Noticed a formless jellyfish
 11536 | Slime:3  | Noticed an acid blob
 11569 | Slime:3  | Noticed a formless jellyfish
 11573 | Slime:3  | Noticed a formless jellyfish
 11590 | Slime:3  | Noticed a rockslime
 11650 | Slime:3  | Noticed a quicksilver ooze
 11693 | Slime:4  | Noticed an acid blob
 11699 | Slime:4  | Noticed an acid blob
 11738 | Slime:4  | Noticed a rockslime
 11810 | Slime:5  | Entered Level 5 of the Pits of Slime
 11862 | Slime:5  | Noticed a quicksilver ooze
 11869 | Slime:5  | Noticed an acid blob
 11872 | Slime:5  | Noticed an acid blob
 11874 | Slime:5  | Noticed an acid blob
 11874 | Slime:5  | Noticed an acid blob
 11891 | Slime:5  | Noticed an acid blob
 11892 | Slime:5  | Found the +7 sceptre of Torment {pain, torment}
 11902 | Slime:5  | Noticed an acid blob
 11908 | Slime:5  | Found a viscous altar of Jiyva.
 11919 | Slime:5  | Found the +8 demon blade "Leech" {evervamp, Harm ^Drain
                  | rN+}
 11929 | Slime:5  | Noticed a quicksilver ooze
 11932 | Slime:5  | Noticed a quicksilver ooze
 11933 | Slime:5  | Noticed an acid blob
 11941 | Slime:5  | Noticed an acid blob
 11949 | Slime:5  | Noticed an azure jelly
 11950 | Slime:5  | Noticed an azure jelly
 11984 | Slime:5  | Noticed a quicksilver ooze
 12125 | Slime:5  | Noticed an acid blob
 12127 | Slime:5  | Noticed a rockslime
 12143 | Slime:5  | Noticed a quicksilver ooze
 12214 | Slime:5  | Noticed the Royal Jelly
 12281 | Slime:5  | Noticed an acid blob
 12785 | Lair:5   | Entered Level 5 of the Lair of Beasts
 12793 | Lair:5   | Reached skill level 10 in Shields
 13392 | Lair:5   | Reached * piety under Jiyva
 13539 | Lair:5   | HP: 2/103 [molten gargoyle/bolt of magma (13)]
 13539 | Lair:5   | Slain by an eight-headed hydra

Illustrated notes

Levels and vault maps discovered:
D:1:      lemuel_arrival_room, layout_basic, serial_forest,
          infiniplex_forest_lined_room_2, infiniplex_forest_lined_1,
          infiniplex_forest_straight_3, infiniplex_forest_clump_tiny,
          infiniplex_forest_end_3, infiniplex_forest_corner_1, serial_shops,
          nicolae_shop_just_a_little_nook, minmay_heptomino_d4
D:2:      layout_basic, serial_shops, nicolae_shop_crystal,
          hellmonk_ecumenical_altar_prayer_group, uniq_crazy_yiuf_cottage
D:3:      layout_basic, nicolae_overflow_hidden_temple, old_standard_altar
D:4:      layout_gridville, hangedman_abyss_or_decor_stabs, goddamned_bats
D:5:      layout_basic, lemuel_tele_altar, minmay_temple_entry_large_hall,
          kennysheep_decorative_pillar, st_stairs_13, minmay_misc_feat_columns,
          serial_library_hellmonk_small_corner
D:6:      layout_loops_ring, overflow_temple_1_default, lemuel_crystal_altar
D:7:      layout_rooms, tso_metal_star, serial_shops, shop_statue
D:8:      layout_cave_pools, mainiacjoe_overflow_24_doors, grunt_ministairs_11,
          nicolae_titane
D:9:      layout_stronghold, serial_glass, glass_columns_a, glass_columns_a,
          hellmonk_guarded_unrand_gong
D:10:     layout_loops_ring, hellmonk_lair_entry_icy, nicolae_underground_beach
Lair:1:   layout_gridlike, serial_bayou_pond_e, serial_bayou_shore_b,
          grunt_megastairs_1, serial_bayou_shore_b
Lair:2:   layout_layer_cave, elwin_shoals_entry_rocks
Lair:3:   layout_cellular_growth, hellmonk_spider_entry_life_and_decay
Lair:4:   layout_hall_layers, slime_entry_1, serial_bayou_shore_b
Lair:5:   cheibrodos_lair_end_hotspot, layout_regular_city
Slime:1:  nicolae_slime_infinislime, layout_caves, nicolae_slime_barrier
Slime:2:  layout_caves
Slime:3:  layout_caves, nicolae_slime_rock_hall_of_fame
Slime:4:  nicolae_slime_jelly_donut, layout_caves
Slime:5:  slime_pit_nicolae_amoeboid

Skill      XL: |  1  2  3  4  5  6  7  8  9 10 11 12 13 |
---------------+----------------------------------------+-----
Long Blades    | 3 4 5 6 7 9 11 12 13 | 13.4
Dodging        | 3 4 5 |  5.2
Throwing       | 2 |  2.0
Armour         | 1 2 3 5 7 8 9 |  9.2
Stealth        | 2 3 |  3.3
Fighting       | 3 4 5 6 7 8 |  8.9
Shields        | 1 2 3 6 9 10 | 10.6

Action                     |  1- 3 |  4- 6 |  7- 9 | 10-12 | 13-15 || total
---------------------------+-------+-------+-------+-------+-------++-------
  Melee: Long sword        |    66 |    98 |   153 |   483 |   153 ||   953
         Touch             |    10 |    16 |    27 |    10 |       ||    63
    Use: Scroll            |     4 |       |     5 |     8 |     5 ||    22
         Potion            |       |     2 |     3 |     3 |     2 ||    10
   Stab: Sleeping          |       |     5 |     2 |       |       ||     7
 Armour: Leather armour    |    28 |    71 |    17 |       |       ||   116
         Plate armour      |       |       |   122 |   259 |   350 ||   731
  Dodge: Dodged            |    33 |   102 |    63 |    22 |    10 ||   230
  Block: Other             |       |     6 |    27 |     2 |       ||    35
         Kite shield       |       |       |       |   542 |   370 ||   912

Table legend: (Time is in decaauts)
 A = Elapsed time spent in this place.
 B = Non-inter-level travel time spent in this place.
 C = Inter-level travel time spent in this place.
 D = Time resting spent in this place.
 E = Time spent auto-exploring this place.
 F = Levels seen in this place.
 G = Mean time per level.
                   A        B        C        D        E       F      G
               +--------+--------+--------+--------+--------+-----+--------+
         Total |  13542 |  13042 |    500 |    476 |  10332 |  20 |  677.1 |
       Dungeon |   7958 |   7711 |    247 |     40 |   6501 |  10 |  795.8 |
          Lair |   4306 |   4191 |    115 |    435 |   2844 |   5 |  861.2 |
    Slime Pits |   1278 |   1140 |    138 |      0 |    986 |   5 |  255.6 |
               +--------+--------+--------+--------+--------+-----+--------+

Top non-repeatable levels by time:
     D:9: 1077 daAuts
     D:4: 1020 daAuts
  Lair:4: 1007 daAuts
  Lair:2: 1006 daAuts
  Lair:3: 921 daAuts
     D:2: 904 daAuts
  Lair:1: 889 daAuts
     D:1: 863 daAuts
     D:5: 824 daAuts
    D:10: 779 daAuts
     D:3: 752 daAuts
     D:6: 720 daAuts
     D:8: 620 daAuts
 Slime:5: 551 daAuts
  Lair:5: 481 daAuts
